 Dungeon Crawl Stone Soup version 0.25-a0-458-g6fc7858b95 (webtiles) character file.

Game seed: 8108835575914766997, levelgen mode: deterministic

103 ChaosChampion the Charmwright (level 4, 0/38 HPs)
             Began as a Gnoll Skald on Feb 1, 2020.
             Slain by an adder (3 damage)
             ... on level 3 of the Dungeon.
             The game lasted 00:04:31 (1480 turns).

ChaosChampion the Charmwright (Gnoll Skald)         Turns: 1480, Time: 00:04:33

Health: 0/38       AC:  3    Str: 15    XL:     4   Next: 79%
Magic:  11/11      EV: 14    Int: 15    God:
Gold:   127        SH:  0    Dex: 14    Spells: 12/13 levels left

rFire    . . .     SeeInvis .   a - +0 spear
rCold    . . .     Gourm    .   (no shield)
rNeg     . . .     Faith    .   b - +0 leather armour
rPois    .         Spirit   .   (no helmet)
rElec    .         Reflect  .   (no cloak)
rCorr    .         Harm     .   (no gloves)
MR       .....                  (no boots)
Stlth    ++........             (no amulet)
HPRegen  0.12/turn              (no ring)
MPRegen  0.12/turn              (no ring)

@: lethally poisoned (0 -> -2)
A: distributed training, fangs 1, strong nose
a: no special abilities


You were on level 3 of the Dungeon.
You were very hungry.

You visited 1 branch of the dungeon, and saw 3 of its levels.

You collected 127 gold pieces.

Inventory:

Hand Weapons
 a - a +0 spear (weapon)
Armour
 b - a +0 leather armour (worn)
Scrolls
 e - 3 scrolls of enchant weapon {unknown}
 h - 3 scrolls of magic mapping {unknown}
 j - 3 scrolls of identify {unknown}
 l - a scroll of teleportation {unknown}
 m - a scroll of fog {unknown}
 n - a scroll of remove curse {unknown}
 o - a scroll of blinking {unknown}
Potions
 c - a potion of mutation {unknown}
 f - 2 potions of curing {unknown}
 g - 2 potions of resistance {unknown}
 i - a potion of degeneration {unknown}
 k - a potion of lignification {unknown}
Comestibles
 d - 6 rations


   Skills:
 + Level 4.7 Fighting
 + Level 1.2 Short Blades
 + Level 1.2 Long Blades
 + Level 1.2 Axes
 + Level 1.2 Maces & Flails
 + Level 4.7 Polearms
 + Level 1.2 Staves
 + Level 1.2 Slings
 + Level 1.2 Bows
 + Level 1.2 Crossbows
 + Level 1.2 Throwing
 + Level 2.8 Armour
 + Level 4.7 Dodging
 + Level 1.2 Stealth
 + Level 1.2 Shields
 + Level 1.2 Unarmed Combat
 + Level 5.1 Spellcasting
 + Level 1.0 Conjurations
 + Level 1.0 Hexes
 + Level 5.5 Charms
 + Level 1.0 Summonings
 + Level 1.0 Necromancy
 + Level 1.0 Translocations
 + Level 1.0 Transmutations
 + Level 1.0 Fire Magic
 + Level 1.0 Ice Magic
 + Level 1.0 Air Magic
 + Level 1.0 Earth Magic
 + Level 1.0 Poison Magic
 + Level 1.3 Invocations
 + Level 1.2 Evocations


You had 12 spell levels left.
You knew the following spells:

 Your Spells              Type           Power        Failure   Level  Hunger
a - Infusion              Chrm           ###.         1%          1    None

Your spell library contained the following spells:

 Spells                   Type           Power        Failure   Level  Hunger
 Song of Slaying          Chrm           ###.....     3%          2    ##.....
 Shroud of Golubria       Chrm/Tloc      ##....       8%          2    ##.....
 Ozocubu's Armour         Chrm/Ice       ##......     16%         3    ###....
 Spectral Weapon          Hex/Chrm       ##......     16%         3    ###....


Dungeon Overview and Level Annotations

Branches:
Dungeon (3/15)

Altars:
Qazlal
Vehumet


Innate Abilities, Weirdness & Mutations

Your experience applies equally to all skills.
You have very sharp teeth.
Your uncanny sense of smell can sniff out nearby items.


Message History

You feel sick. The adder barely misses you. The jackal barely misses you.
The adder bites you.
You hit the adder.
The adder is moderately wounded.
The quokka completely misses you.
The orc suddenly shouts, as Orcs often do.
The jackal barely misses you. The adder bites you.
* * * LOW HITPOINT WARNING * * *
You hit the adder.
The adder is severely wounded.
The jackal closely misses you. The quokka misses you. The adder bites you.
* * * LOW HITPOINT WARNING * * *
You barely miss the adder.
The adder is severely wounded.
You feel sick.
The howler monkey hoots and howls with incredible vigour!
The jackal closely misses you. The quokka bites you.
* * * LOW HITPOINT WARNING * * *
The adder bites you.
You die...

##....## #.......##.....#.
###.....###........#°....#.
#.........#....#.#####.###.
#.............# .. .....##
#.............# #...#.##
#............o# .........
#.............###..##.##...
#.........$r.......# ###..
##..######@Sw.##.... .....
#.## ##hh.....$. ..###. #.
#h........ . ## ..
#....#.#.. .#. ......... ..
## #. ..<......#......###.
∆ ...........# .........
#..........# ......#>
#........... ....#.#.


You could see a worm, a howler monkey, an adder, an orc, a quokka and 2 jackals.

Vanquished Creatures
  3 adders (D:3)
  2 worms (D:3)
  5 leopard geckos
  An orc (D:3)
  11 bats
  4 giant cockroaches
  7 goblins
  3 hobgoblins
  2 jackals (D:3)
  A quokka (D:3)
  A ball python (D:3)
  5 frilled lizards
  9 kobolds
  12 rats
66 creatures vanquished.

Notes
Turn   | Place    | Note
-------+----------+-------------------------------------------
     0 | D:1      | ChaosChampion the Gnoll Skald began the quest for the Orb.
     0 | D:1      | Reached XP level 1. HP: 20/20 MP: 6/6
    52 | D:1      | Reached XP level 2. HP: 23/26 MP: 7/7
   316 | D:1      | Reached XP level 3. HP: 29/31 MP: 9/9
   375 | D:1      | Reached skill level 5 in Spellcasting
   617 | D:2      | Found a radiant altar of Vehumet.
   865 | D:2      | Reached skill level 1 in Invocations
  1329 | D:3      | Found a stormy altar of Qazlal.
  1331 | D:3      | Reached skill level 1 in Short Blades
  1331 | D:3      | Reached skill level 1 in Long Blades
  1331 | D:3      | Reached skill level 1 in Axes
  1331 | D:3      | Reached skill level 1 in Maces & Flails
  1331 | D:3      | Reached skill level 1 in Staves
  1331 | D:3      | Reached skill level 1 in Slings
  1331 | D:3      | Reached skill level 1 in Bows
  1331 | D:3      | Reached skill level 1 in Crossbows
  1331 | D:3      | Reached skill level 1 in Throwing
  1331 | D:3      | Reached skill level 1 in Stealth
  1331 | D:3      | Reached skill level 1 in Shields
  1331 | D:3      | Reached skill level 1 in Unarmed Combat
  1331 | D:3      | Reached skill level 1 in Evocations
  1331 | D:3      | Reached XP level 4. HP: 38/38 MP: 11/11
  1425 | D:3      | Reached skill level 1 in Conjurations
  1425 | D:3      | Reached skill level 1 in Hexes
  1425 | D:3      | Reached skill level 1 in Summonings
  1425 | D:3      | Reached skill level 1 in Necromancy
  1425 | D:3      | Reached skill level 1 in Translocations
  1425 | D:3      | Reached skill level 1 in Transmutations
  1425 | D:3      | Reached skill level 1 in Fire Magic
  1425 | D:3      | Reached skill level 1 in Ice Magic
  1425 | D:3      | Reached skill level 1 in Air Magic
  1425 | D:3      | Reached skill level 1 in Earth Magic
  1425 | D:3      | Reached skill level 1 in Poison Magic
  1480 | D:3      | Slain by an adder

Levels and vault maps discovered:
D:1:      lemuel_arrival_broad_hall, layout_basic
D:2:      layout_basic, vehumet_crystals, kennysheep_donut, minmay_vboxes
D:3:      layout_rooms, grunt_qazlal_clouds

Skill      XL: |  1  2  3  4 |
---------------+-------------+-----
Spellcasting   | 5 |  5.1
Invocations    | 1 |  1.3
Short Blades   | 1 |  1.2
Long Blades    | 1 |  1.2
Axes           | 1 |  1.2
Maces & Flails | 1 |  1.2
Staves         | 1 |  1.2
Slings         | 1 |  1.2
Bows           | 1 |  1.2
Crossbows      | 1 |  1.2
Throwing       | 1 |  1.2
Stealth        | 1 |  1.2
Shields        | 1 |  1.2
Unarmed Combat | 1 |  1.2
Evocations     | 1 |  1.2
Conjurations   | 1 |  1.0
Hexes          | 1 |  1.0
Summonings     | 1 |  1.0
Necromancy     | 1 |  1.0
Translocations | 1 |  1.0
Transmutations | 1 |  1.0
Fire Magic     | 1 |  1.0
Ice Magic      | 1 |  1.0
Air Magic      | 1 |  1.0
Earth Magic    | 1 |  1.0
Poison Magic   | 1 |  1.0
Fighting       | |  4.7
Polearms       | |  4.7
Armour         | |  2.8
Dodging        | |  4.7
Charms         | |  5.5

Action                   |  1- 3 |  4- 6 || total
-------------------------+-------+-------++-------
Melee: Spear             |   181 |    81 ||   262
       Bite              |    19 |     6 ||    25
       Punch             |       |     1 ||     1
 Stab: Sleeping          |     3 |       ||     3
       Distracted        |       |     1 ||     1
  Eat: Chunk             |     1 |       ||     1
Armor: Leather armour    |    21 |    14 ||    35
Dodge: Dodged            |    95 |    63 ||   158

Table legend:
 A = Non-vault XP
 B = Vault XP
 C = Vault XP percentage of total XP
 D = Non-vault monster count
 E = Vault monster count
 F = Vault count percentage of total count
                 A         B        C        D         E       F
            +---------+---------+-------+---------+---------+-------
      Total |     140 |       8 |   5.4 |      61 |       5 |   7.6
            +---------+---------+-------+---------+---------+-------
        D:1 |      41 |       0 |   0.0 |      27 |       0 |   0.0
        D:2 |      21 |       8 |  27.6 |      14 |       5 |  26.3
        D:3 |      78 |       0 |   0.0 |      20 |       0 |   0.0
            +---------+---------+-------+---------+---------+-------
